 Dungeon Crawl Stone Soup version 0.31-a0-1237-gabc64e778c (webtiles) character file.

Game seed: 5842291239133345569

569 Anon1729 the Slasher (level 7, -2/53 (61) HPs)
             Began as a Minotaur Monk on Dec 15, 2023.
             Slain by a wight
             ... wielding a +3 halberd
              (4 damage)
             ... on level 4 of the Dungeon.
             The game lasted 00:02:53 (3597 turns).

Anon1729 the Slasher (Minotaur Monk)                Turns: 3597, Time: 00:02:53

HP:   -2/53 (61)    AC: 12    Str: 15    XL:     7   Next: 11%
MP:   6/6           EV:  8    Int: 10    God:
Gold: 108           SH:  0    Dex: 15    Spells: 6/6 levels left

rFire   + . .        a - +0 falchion
rCold   . . .        r - +1 buckler "Sehocot" {Int+3}
rNeg    . . .        D - +0 chain mail
rPois   .            (helmet restricted)
rElec   .            s - +2 cloak
rCorr   .            (no gloves)
SInv    .            (no boots)
Will    .....        (no amulet) Stlth
                     k - ring of protection from fire
HPRegen 0.28/turn    (no ring)
MPRegen 0.10/turn

%: no passive effects
@: confused, ambrosia-drunk, heavily drained
A: horns 2, retaliatory headbutt
a: no special abilities


You were on level 4 of the Dungeon.
You visited 1 branch of the dungeon, and saw 4 of its levels.

You collected 206 gold pieces.
You spent 98 gold pieces at shops.

Inventory:

Hand Weapons
 a - a +0 falchion (weapon)
 e - a +0 lajatang
Armour
 b - a +0 robe
 d - an orb of light
 r - the +1 buckler "Sehocot" (worn) {Int+3}
   (You found it on level 2 of the Dungeon)

   Int+3:     It affects your intelligence (+3).
 s - a +2 cloak (worn)
 D - a +0 chain mail (worn)
Jewellery
 k - a ring of protection from fire (left hand)
 u - a +6 ring of dexterity
 x - a ring of fire
Wands
 o - a wand of flame (17)
 q - a wand of polymorph (15)
 E - a wand of paralysis (9)
Scrolls
 f - a scroll of poison
 g - 3 scrolls of blinking
 h - 2 scrolls of noise
 n - a scroll of torment
 t - a scroll of vulnerability
 y - a scroll of teleportation
 A - a scroll of enchant weapon {unknown}
 C - a scroll of revelation {unknown}
Potions
 i - 2 potions of curing {unknown}
 j - 2 potions of degeneration {unknown}
 l - a potion of invisibility {unknown}
 m - a potion of attraction {unknown}
 p - a potion of magic
 v - a potion of mutation {unknown}
 w - a potion of resistance {unknown}
 z - a potion of brilliance {unknown}
 B - a potion of heal wounds {unknown}


   Skills:
 + Level 5.3 Fighting
 * Level 6.4 Long Blades
 + Level 3.5 Armour
 + Level 4.7 Dodging
 + Level 2.8 Shields


You had 6 spell levels left.
You didn't know any spells.
Your spell library contained the following spells:

 Spells                   Type           Power      Damage    Failure   Level
 Apportation              Tloc           0%         N/A       100%        1
 Jinxbite                 Hex            0%         N/A       100%        2
 Ozocubu's Armour         Ice            0%         N/A       100%        3
 Alistair's Intoxication  Tmut/Pois      0%         N/A       100%        5
 Ozocubu's Refrigeration  Ice            0%         4d7       100%        7


Dungeon Overview and Level Annotations

Branches:
Dungeon (4/15)
 Temple: D:4-7

Altars:

Shops:
D:2 *


Innate Abilities, Weirdness & Mutations

You have a pair of horns on your head.
You reflexively headbutt those who attack you in melee.


Message History

HP restored.
Found a ring mail.
A wight comes into view. It is wielding a +0 battleaxe.
A wight is nearby!
You can't go up here!
You closely miss the wight. Your headbutt misses the wight.
The wight closely misses you.
You slash the wight!
You headbutt the wight, but do no damage.
The wight is severely damaged.
The wight hits you with a +0 battleaxe!
You feel drained.
You hit the wight.
The wight is almost destroyed.
The wight hits you with a +0 battleaxe!
You feel drained.
You barely miss the wight.
The wight is almost destroyed.
The wight barely misses you. You furiously retaliate!
You headbutt the wight.
You destroy the wight!
The wight throws a stone.
The stone closely misses you.
A wight comes into view. It is wielding a +3 flail.
Things that are here:
a +0 battleaxe; a +0 robe The wight throws a stone.
The stone hits you but does no damage. The wight hits you but does no damage.
You hit the wight but do no damage. You block the wight's attack.
The wight barely misses you. The wight hits you with a +3 flail.
The wight hits you with a +3 halberd!
You feel drained.
You are too injured to fight recklessly!
You are confused.
You feel invigorated. The wight hits you with a +3 halberd!
* * * LOW HITPOINT WARNING * * *
You feel drained.
* * * LOW HITPOINT WARNING * * *
The wight hits you with a +3 flail.
* * * LOW HITPOINT WARNING * * *
It was a potion of magic.
Magic courses through your body. The wight barely misses you.
The wight hits you with a +3 halberd!
* * * LOW HITPOINT WARNING * * *
You feel drained.
You die...

#### ...# ##### ##.# #...#
################# .#+#####
##...###................ .......#
#....................... .......#
#...)..@z...............
.......###.......z........#######
##'####.............>.....#
##.####)..................#
##..>...).............[...#
#####.))).^...............#
......#..########..###....#
...##.##....######..##....#
....#.....................#


You could see 2 wights.

Vanquished Creatures
  An ogre (D:3)
  2 scorpions (D:4)
  A wight (D:4)
  A hound (D:4)
  2 orc priests
  Jessica (D:2)
  Terence (D:3)
  2 orc wizards
  Ijyb (D:3)
  4 adders
  A worm (D:2)
  6 orcs
  9 ball pythons
  5 endoplasms
  5 hobgoblins
  10 jackals
  10 kobolds
  2 quokkas
  3 bats
  5 frilled lizards (D:1)
  6 goblins
  2 rats (D:3)
80 creatures vanquished.

Notes
Turn   | Place    | Note
-------+----------+-------------------------------------------
     0 | D:1      | Anon1729 the Minotaur Monk began the quest for the Orb.
     0 | D:1      | Reached XP level 1. HP: 19/19 MP: 0/0
   382 | D:1      | Reached XP level 2. HP: 22/27 MP: 1/1
   776 | D:1      | Reached skill level 4 in Long Blades
  1096 | D:2      | Reached skill level 1 in Armour
  1213 | D:2      | Reached XP level 3. HP: 33/33 MP: 2/2
  1228 | D:2      | Identified the +1 buckler "Sehocot" {Int+3}
  1388 | D:2      | Noticed Jessica
  1393 | D:2      | Killed Jessica
  1660 | D:2      | Reached XP level 4. HP: 24/40 MP: 3/3
  1737 | D:2      | Found Fietoari's General Store.
  1761 | D:2      | Bought a scroll of identify for 28 gold pieces
  1761 | D:2      | Bought a scroll of noise for 14 gold pieces
  1761 | D:2      | Bought a scroll of vulnerability for 56 gold pieces
  1962 | D:3      | Noticed an ogre
  2190 | D:3      | Noticed Ijyb
  2197 | D:3      | Reached skill level 5 in Long Blades
  2210 | D:3      | Killed Ijyb
  2211 | D:3      | Reached skill level 1 in Shields
  2211 | D:3      | Reached XP level 5. HP: 29/47 MP: 4/4
  2296 | D:3      | Identified the +4 dagger "Beetleslayer" {flame, Str+4}
  2323 | D:3      | Noticed Terence
  2330 | D:3      | Killed an ogre
  2345 | D:3      | Killed Terence
  2494 | D:3      | Reached XP level 6. HP: 34/55 MP: 5/5
  3065 | D:4      | Reached skill level 5 in Fighting
  3098 | D:4      | Reached skill level 6 in Long Blades
  3355 | D:4      | Reached XP level 7. HP: 61/61 MP: 6/6
  3597 | D:4      | HP: 2/55 [wight/+3 halberd (11)]
  3597 | D:4      | Slain by a wight

Illustrated notes

Levels and vault maps discovered:
D:1:      dpeg_arrival_central, layout_basic, kennysheep_nondescript
D:2:      minmay_door_path, layout_basic, serial_shops,
          nicolae_shop_hallway_stairs, uniq_jessica
D:3:      layout_basic, serial_bayou_pond_b, uniq_terence, uniq_ijyb
D:4:      layout_basic, kennysheep_small_spiral, minmay_mini_jars

Skill      XL: |  1  2  3  4  5  6 |
---------------+-------------------+-----
Long Blades    | 4 5 6 |  6.4
Armour         | 1 2 3 |  3.5
Fighting       | 4 5 |  5.3
Dodging        | 4 |  4.7
Shields        | 1 2 |  2.8

Action                     |  1- 3 |  4- 6 |  7- 9 || total
---------------------------+-------+-------+-------++-------
  Melee: Falchion          |    57 |   118 |    14 ||   189
         Headbutt          |    14 |    19 |     2 ||    35
         Unarmed           |       |    25 |       ||    25
    Use: Scroll            |       |     3 |     1 ||     4
         Potion            |       |       |     2 ||     2
   Stab: Sleeping          |       |     1 |       ||     1
 Armour: Robe              |    34 |    27 |       ||    61
         Skin              |       |    12 |       ||    12
         Chain mail        |       |    51 |    31 ||    82
  Dodge: Dodged            |    38 |    97 |    18 ||   153
  Block: Buckler           |     1 |    44 |    10 ||    55

Table legend: (Time is in decaauts)
 A = Elapsed time spent in this place.
 B = Non-inter-level travel time spent in this place.
 C = Inter-level travel time spent in this place.
 D = Time resting spent in this place.
 E = Time spent auto-exploring this place.
 F = Levels seen in this place.
 G = Mean time per level.
                   A        B        C        D        E       F      G
               +--------+--------+--------+--------+--------+-----+--------+
         Total |   3613 |   3357 |    256 |    291 |   2503 |   4 |  903.2 |
       Dungeon |   3613 |   3357 |    256 |    291 |   2503 |   4 |  903.2 |
               +--------+--------+--------+--------+--------+-----+--------+

Top non-repeatable levels by time:
     D:1: 1094 daAuts
     D:3: 979 daAuts
     D:2: 938 daAuts
     D:4: 600 daAuts
